 Dungeon Crawl Stone Soup version 0.25-a0-571-gb5e01bddfa (webtiles) character file.

Game seed: 3099247535012985148, levelgen mode: deterministic

16261 Kohma the Grappler (level 12, -8/111 HPs)
             Began as a Troll Monk on Feb 29, 2020.
             Was a High Priest of Elyvilon.
             Mangled by a meliai
             ... wielding a +2 hand axe of venom
              (15 damage)
             ... on level 4 of the Lair of Beasts.
             The game lasted 00:38:17 (12393 turns).

Kohma the Grappler (Troll Monk)                    Turns: 12393, Time: 00:38:17

Health: -8/111     AC: 11    Str: 23    XL:     12   Next: 8%
Magic:  0/14       EV: 10    Int:  6    God:    Elyvilon [*****.]
Gold:   711        SH: 18    Dex: 15    Spells: 11/11 levels left

rFire    . . .     SeeInvis .     - Unarmed
rCold    . . .     Gourm    +   A - +1 tower shield
rNeg     . . .     Faith    .   a - +0 robe
rPois    .         Spirit   +   (helmet restricted)
rElec    .         Reflect  .   (no cloak)
rCorr    .         Harm     .   (gloves unavailable)
MR       +....                  (boots unavailable)
Stlth    ++........             f - amulet of guardian spirit
HPRegen  0.68/turn              I - +5 ring of protection
MPRegen  0.14/turn              K - ring of protection from magic

@: lethally poisoned (-8 -> -10), very slightly contaminated
A: large, unfitting armour, claws 3, fast metabolism 3, gourmand, regeneration
1, shaggy fur 1, tough skin 3
a: Lesser Healing, Heal Other, Purification, Greater Healing, Divine Vigour,
Divine Protection, Renounce Religion


You were on level 4 of the Lair of Beasts.
You worshipped Elyvilon.
Elyvilon was extremely pleased with you.
You were very full.

You visited 3 branches of the dungeon, and saw 15 of its levels.
You also visited: Ossuary.

You collected 774 gold pieces.
You spent 63 gold pieces at shops.

Inventory:

Hand Weapons
 b - a +1 giant spiked club of freezing
Missiles
 e - 446 stones
 r - 6 javelins
 L - 11 poisoned darts (quivered)
Armour
 a - a +0 robe (worn)
 A - a +1 tower shield (worn)
Jewellery
 f - an amulet of guardian spirit (around neck)
 l - an uncursed ring of fire
 I - a +5 ring of protection (left claw)
 K - a ring of protection from magic (right claw)
 P - an uncursed ring of protection from cold
Wands
 g - a wand of iceblast (4)
 j - a wand of random effects (21)
 x - a wand of polymorph (27)
 H - a wand of flame (31)
 J - a wand of enslavement (10)
 M - a wand of disintegration (18)
 O - a wand of paralysis (11)
Scrolls
 c - 2 scrolls of blinking
 d - 2 scrolls of enchant weapon
 m - a scroll of enchant armour
 y - 8 scrolls of remove curse
 B - 3 scrolls of magic mapping
 E - a scroll of amnesia
 F - a scroll of fear
 G - 2 scrolls of teleportation
Potions
 h - 2 potions of stabbing
 i - 2 potions of invisibility
 k - 3 potions of flight
 n - 6 potions of curing
 o - 5 potions of lignification
 p - 2 potions of haste
 q - 2 potions of mutation
 s - 2 potions of resistance
 t - a potion of cancellation {unknown}
 u - 4 potions of brilliance
 v - a potion of magic {unknown}
 z - 2 potions of heal wounds
 C - 2 potions of might {unknown}
 D - a potion of ambrosia {unknown}
Miscellaneous
 R - a fan of gales
Comestibles
 w - 26 rations
 N - 2 chunks of flesh


   Skills:
 - Level 5.0 Fighting
 - Level 4.0 Dodging
 - Level 1.0 Stealth
 + Level 8.3 Shields
 * Level 14.6 Unarmed Combat
 - Level 5.0 Invocations


You had 11 spell levels left.
You didn't know any spells.
Your spell library contained the following spells:

 Spells                   Type           Power        Failure   Level  Hunger
 Animate Skeleton         Necr           N/A          90%         1    ##.....
 Apportation              Tloc           #.....       90%         1    ##.....
 Corona                   Hex            #......      90%         1    ##.....
 Summon Small Mammal      Summ           #...         90%         1    ##.....


Dungeon Overview and Level Annotations

Branches:
Dungeon (10/15)            Temple (1/1) D:6            Lair (4/6) D:9
  Swamp (0/4) Lair:4        Snake (0/4) Lair:2          Orc (0/2) D:10
Ossuary (visited)

Altars:
Ashenzari
Cheibriados
Dithmenos
Elyvilon
Fedhas
Gozag
Hepliaklqana
Kikubaaqudgha
Makhleb
Nemelex Xobeh
Okawaru
Qazlal
Ru
Sif Muna
Trog
Uskayaw
Vehumet
Wu Jian
Xom
Yredelemnul
Zin
The Shining One

Shops:
D:4 [   D:8 =

Annotations:
Lair:2 3 runed translucent doors, exclusions: 3 doors and orange crystal statue, Ehoff's ghost, journeyman CeAK


Innate Abilities, Weirdness & Mutations

You are too large for most types of armour.
You have claws for hands.
Your metabolism is lightning-fast.
You like to eat raw meat.
Your natural rate of healing is unusually fast.
You are covered in fur. (AC +1)
You have extremely tough skin. (AC +3)


Message History

Blink to where?
Press: ? - help, Dir - move target cursor
As you read the scroll of blinking, it crumbles to dust.
The meliai invokes the aid of its god against you.
Something smites you!
* * * LOW HITPOINT WARNING * * *
The killer bee stings you but does no damage.
The killer bee closely misses you. You block the killer bee's attack.
The killer bee stings you.
* * * LOW HITPOINT WARNING * * *
You block the meliai's attack. The meliai barely misses you.
The killer bee stings you but does no damage.
There is an escape hatch in the ceiling here.
You block the meliai's attack. The meliai stings you.
* * * LOW HITPOINT WARNING * * *
You are poisoned.
The meliai poisons you! You block the killer bee's attack.
The meliai hits you with a +2 hand axe of venom!
You die...

###...### #.#..+#.#
#.......# ## ####
##......## .)..##..#
#........#
.......<#####.......#####
#..####......+...........
#######........##.
#...@...## ##..yy...##
#(......#.# #.#...'####
##.###.## ###P...##
#.##.##.####
###...y.....P#.
.#.#............


You could see a meliai and a killer bee.

Vanquished Creatures
  Pikel (D:8)
  2 lindwurms (Lair:3)
  An elephant (Lair:3)
  Joseph (D:7)
  A black mamba (Lair:3)
  3 spiny frogs (Lair:1)
  2 komodo dragons
  3 rime drakes (Lair:3)
  A troll (D:10)
  A polar bear (Lair:2)
  5 blink frogs (Lair:1)
  6 hippogriffs
  13 yaks
  A human (D:7)
  2 wyverns
  2 basilisks (Lair:2)
  4 hogs (D:7)
  4 nagas (Lair:2)
  4 water moccasins
  4 porcupines
  2 black bears
  An orc warrior (D:9)
  An eye of draining (D:9)
  An ice beast (D:7)
  A phantom (D:9)
  3 ogres
  3 necrophages
  7 wolves
  A centaur (D:5)
  A hornet zombie (D:9)
  4 crocodiles
  Blork the orc (D:5)
  4 big kobolds
  An elf zombie (Ossuary)
  9 bullfrogs
  A gnoll sergeant (D:7)
  A water moccasin zombie (D:9)
  3 scorpions
  6 killer bees
  An electric eel (Lair:4)
  A howler monkey (D:5)
  5 crimson imps
  5 hounds
  A quasit (D:7)
  A gnoll shaman (D:7)
  2 bullfrog skeletons
  3 jellies
  An orc priest (D:4)
  7 orc wizards
  A centaur skeleton (D:6)
  Ijyb (D:4)
  8 worker ants
  A killer bee zombie (D:8)
  A hound zombie (D:7)
  3 hound skeletons
  3 mummies
  21 gnolls
  13 adders
  4 shadow imps
  An ooze (D:1)
  2 adder zombies (Ossuary)
  An adder skeleton (D:7)
  2 dart slugs (D:1)
  4 leopard geckos
  15 orcs
  6 bats
  5 giant cockroaches
  38 goblins
  28 hobgoblins
  3 jackals (D:1)
  A quokka (D:4)
  2 ball pythons (D:4)
  5 frilled lizards
  2 goblin zombies
  10 hobgoblin zombies (Ossuary)
  A jackal zombie (Ossuary)
  7 kobolds
  12 kobold zombies
  A leopard gecko skeleton (D:8)
  A leopard gecko zombie (D:6)
  10 orc zombies (Ossuary)
  3 rats
  A rat zombie (Ossuary)
356 creatures vanquished.

Vanquished Creatures (others)
  A centaur (D:8)
  A scorpion (D:8)
  A plant (D:8)
  8 toadstools (Lair:3)
11 creatures vanquished.

Grand Total: 367 creatures vanquished

Notes
Turn   | Place    | Note
-------+----------+-------------------------------------------
     0 | D:1      | Kohma the Troll Monk began the quest for the Orb.
     0 | D:1      | Reached XP level 1. HP: 22/22 MP: 0/0
   114 | D:1      | Reached XP level 2. HP: 29/29 MP: 1/1
   522 | D:1      | Reached XP level 3. HP: 36/36 MP: 2/2
  1071 | D:2      | Reached skill level 4 in Unarmed Combat
  1543 | D:3      | Reached XP level 4. HP: 44/44 MP: 3/3
  2078 | D:3      | Reached XP level 5. HP: 53/53 MP: 4/4
  2204 | D:4      | Noticed an ogre
  2207 | D:4      | Killed an ogre
  2207 | D:4      | Reached skill level 5 in Unarmed Combat
  2207 | D:4      | Reached XP level 6. HP: 39/61 MP: 5/5
  2269 | D:4      | Noticed Ijyb
  2314 | D:4      | Killed Ijyb
  2931 | D:4      | Reached skill level 6 in Unarmed Combat
  2961 | D:4      | Found Luwuge Qupp's Armour Shop.
  2969 | D:4      | Bought a +0 tower shield for 63 gold pieces
  3066 | D:4      | Reached XP level 7. HP: 68/68 MP: 6/6
  3249 | D:5      | Entered Level 5 of the Dungeon
  3577 | D:5      | You fall into a shaft and drop 2 floors!
  3601 | D:7      | Reached skill level 1 in Shields
  3692 | D:7      | Noticed Joseph
  3694 | D:7      | Noticed a hippogriff
  3706 | D:7      | Killed Joseph
  3706 | D:7      | Reached skill level 7 in Unarmed Combat
  3706 | D:7      | Reached XP level 8. HP: 36/79 MP: 4/7
  3724 | D:7      | HP: 3/79 [hippogriff (5)]
  3785 | D:7      | Killed a hippogriff
  3838 | D:7      | Found a sand-covered staircase.
  3845 | Ossuary  | Entered an ossuary
  4030 | Ossuary  | Reached skill level 8 in Unarmed Combat
  4109 | Ossuary  | Reached skill level 5 in Fighting
  4553 | D:7      | Found a shimmering altar of Xom.
  4575 | D:7      | Reached skill level 9 in Unarmed Combat
  4589 | D:7      | Reached XP level 9. HP: 37/88 MP: 3/8
  5256 | D:6      | Reached skill level 10 in Unarmed Combat
  5290 | D:6      | Found a staircase to the Ecumenical Temple.
  5489 | Temple   | Entered the Ecumenical Temple
  5803 | Temple   | Became a worshipper of Elyvilon the Healer
  5803 | Temple   | Reached * piety under Elyvilon
  5803 | Temple   | Reached ** piety under Elyvilon
  6796 | D:5      | Noticed Blork the orc
  6811 | D:5      | Killed Blork the orc
  6811 | D:5      | Reached skill level 5 in Shields
  7483 | D:8      | Noticed Pikel
  7500 | D:8      | Killed Pikel
  7500 | D:8      | Reached skill level 11 in Unarmed Combat
  7574 | D:8      | Reached XP level 10. HP: 91/96 MP: 7/9
  7604 | D:8      | Found Weitask's Jewellery Shop.
  8115 | D:8      | Found a blossoming altar of Fedhas.
  8116 | D:8      | Reached *** piety under Elyvilon
  8500 | D:9      | Found a staircase to the Lair.
  8564 | D:9      | Found a hide-covered altar of Uskayaw.
  8623 | D:9      | Reached skill level 12 in Unarmed Combat
  8995 | D:10     | Entered Level 10 of the Dungeon
  9063 | D:10     | Reached skill level 1 in Invocations
  9145 | D:10     | Found a staircase to the Orcish Mines.
  9303 | D:10     | Reached **** piety under Elyvilon
  9431 | Lair:1   | Entered Level 1 of the Lair of Beasts
  9498 | Lair:1   | Noticed a spiny frog
  9508 | Lair:1   | Killed a spiny frog
  9561 | Lair:1   | Reached XP level 11. HP: 102/102 MP: 9/11
  9567 | Lair:1   | Reached skill level 13 in Unarmed Combat
 10068 | Lair:2   | Found a runed translucent gate.
 10073 | Lair:2   | Found a runed translucent gate.
 10076 | Lair:2   | Found a runed translucent gate.
 10077 | Lair:2   | Noticed a minotaur
 10081 | Lair:2   | Noticed Ehoff's ghost (journeyman CeAK)
 10160 | Lair:2   | HP: 2/102 [spiny frog (10)]
 10162 | Lair:2   | Elyvilon protects you from harm!
 10384 | Lair:2   | Noticed an orange crystal statue
 10392 | Lair:2   | Reached ***** piety under Elyvilon
 10574 | Lair:2   | Found a staircase to the Snake Pit.
 11286 | Lair:3   | Reached skill level 14 in Unarmed Combat
 11549 | Lair:3   | Reached skill level 5 in Invocations
 11604 | Lair:3   | Noticed a lindwurm
 11604 | Lair:3   | Noticed a lindwurm
 11625 | Lair:3   | Found a runed translucent door.
 11677 | Lair:3   | Killed a lindwurm
 11677 | Lair:3   | Reached XP level 12. HP: 71/111 MP: 8/14
 12225 | Lair:4   | Found a staircase to the Swamp.
 12393 | Lair:4   | Mangled by a meliai

Levels and vault maps discovered:
D:1:      lightli_arrival_statue_moat, layout_basic
D:2:      layout_loops_cross, serial_co_window_serial,
          co_window_of_opportunity_a, co_window_of_opportunity_a,
          co_window_corner_a, co_window_paths_b, co_window_paths_a,
          co_window_2corner, co_window_of_opportunity_c, co_window_broadway_b,
          co_window_unsneaky_path_b, co_window_2corner, co_window_paths_d,
          glass_columns_a
D:3:      layout_basic
D:4:      minmay_chambers_of_fours, layout_basic, serial_shops, shop_fountains,
          uniq_ijyb
D:5:      minmay_goblin_kobold_castle, layout_loops_ring, first_ration,
          uniq_blork_the_orc
D:6:      layout_basic, minmay_temple_entry_from_below_a
D:7:      layout_loops_ring, xom_butterflies, nicolae_ossuary_entry_giza,
          grunt_livestock, uniq_joseph
D:8:      minmay_razor_zed, layout_loops_ring, serial_shops,
          nicolae_shop_waterfront, minmay_misc_feat_tower,
          palyth_stone_intersect, fedhas_ov_isle_minmay, uniq_pikel
D:9:      layout_basic, lair_entry_dummy, basic_altar
D:10:     layout_rooms, orc_0_dummy
Temple:   regret_index_temple_sigil_plot
Lair:1:   layout_roguey, minmay_holes, grunt_megastairs_1, lemuel_fruit_fields,
          infiniplex_staircase_pool
Lair:2:   layout_gridlike, minmay_snake_entry_guardpost_small,
          maelrawn_ghost_gauntlet_escape, disabler_island
Lair:3:   gammafunk_lair_enchanted_lake, layout_loops_ring
Lair:4:   layout_roguey [special_room_bee], swamp_mist_pool, minmay_hedge_maze

Skill      XL: |  1  2  3  4  5  6  7  8  9 10 11 |
---------------+----------------------------------+-----
Unarmed Combat | 4 5 6 7 9 11 12 14 | 14.6
Fighting       | 3 4 5 |  5.0
Dodging        | 3 4 |  4.0
Shields        | 2 3 5 6 8 |  8.3
Invocations    | 2 5 |  5.0
Stealth        | |  1.0

Action                   |  1- 3 |  4- 6 |  7- 9 | 10-12 || total
-------------------------+-------+-------+-------+-------++-------
Melee: Unarmed           |   101 |   128 |   417 |   468 ||  1114
       Punch             |       |     2 |     8 |       ||    10
Throw: Javelin           |       |       |     4 |       ||     4
Invok: Lesser Healing    |       |       |     2 |       ||     2
       Divine Protection |       |       |       |     1 ||     1
       Greater Healing   |       |       |       |     1 ||     1
  Use: Scroll            |       |       |    19 |    11 ||    30
       Potion            |       |       |     2 |     3 ||     5
 Stab: Sleeping          |     1 |     2 |     2 |     3 ||     8
       Invisible         |       |       |     1 |       ||     1
       Distracted        |       |       |     2 |       ||     2
  Eat: Chunk             |    19 |    14 |    41 |    46 ||   120
Armor: Robe              |    35 |    25 |    94 |   107 ||   261
Dodge: Dodged            |    58 |    68 |   145 |   135 ||   406
Block: Tower shield      |       |       |   174 |   389 ||   563

Table legend:
 A = Non-vault XP
 B = Vault XP
 C = Vault XP percentage of total XP
 D = Non-vault monster count
 E = Vault monster count
 F = Vault count percentage of total count
                 A         B        C        D         E       F
            +---------+---------+-------+---------+---------+-------
      Total |   15470 |    7761 |  33.4 |     214 |     142 |  39.9
            +---------+---------+-------+---------+---------+-------
        D:1 |      45 |       0 |   0.0 |      21 |       0 |   0.0
        D:2 |      46 |       0 |   0.0 |      15 |       0 |   0.0
        D:3 |     187 |       0 |   0.0 |      18 |       0 |   0.0
        D:4 |     315 |     174 |  35.6 |      16 |       4 |  20.0
        D:5 |     327 |     522 |  61.5 |       9 |      66 |  88.0
        D:6 |     463 |       0 |   0.0 |       9 |       0 |   0.0
        D:7 |    1032 |    1449 |  58.4 |      22 |       9 |  29.0
        D:8 |     877 |    1399 |  61.5 |      15 |      10 |  40.0
        D:9 |     976 |       0 |   0.0 |      18 |       0 |   0.0
       D:10 |    1713 |       0 |   0.0 |      22 |       0 |   0.0
     Lair:1 |    4598 |     107 |   2.3 |      20 |       1 |   4.8
     Lair:2 |    2145 |     645 |  23.1 |      14 |       4 |  22.2
     Lair:3 |    2240 |    3292 |  59.5 |      12 |       9 |  42.9
     Lair:4 |     506 |       0 |   0.0 |       3 |       0 |   0.0
    Ossuary |       0 |     173 | 100.0 |       0 |      39 | 100.0
            +---------+---------+-------+---------+---------+-------
